AoeStats
← HK | Jai Guru Deva

Arena

510655591Analyzed
4v4 RM · 1d ago on Oct 2, 2026· 42m 36s· 8 players
Game mode
Random Map
Map size
Large (8 player)
Population
200
Speed
Normal
Resources
Standard
Victory
Conquest
Starting age
Dark Age
Ending age
Imperial Age
RankedLock teamsTeams togetherTeam positionsShared explorationLock speedFull tech treeHidden civsTurbo modeCheats
Victory
Defeat
🇦🇷 Saxons · Argentina
1944
+1
🇷🇺 Georgians · Russia
1726
+4
🇺🇸 Bohemians · United States
1516
+8
🇭🇰 Byzantines · Hong Kong SAR China
1492
+8
🇦🇷 Italians · Argentina
1362
-6
🇦🇹 Koreans · Austria
1362
-6
🇻🇪 Varangians · Venezuela
1356
-5
🇲🇽 Byzantines · Mexico
1354
-4
The Daunting Knight
9:49 Feudal Age
10:29 Double-Bit Axe
15:36 Castle Age
14:06 Double-Bit Axe
18:19 Chemistry
18:36 Bow Saw
20:01 Loom
22:48 Padded Archer Armor
25:13 Padded Archer Armor
32:56 Imperial Age
31:13 Wheelbarrow
32:12 Bow Saw
31:43 Horse Collar
34:17 Hand Cart
34:26 Siege Engineers
36:34 Fortified Wall
39:13 Leather Archer Armor
43:08 Ring Archer Armor
42:29 Fletching
43:04 Conscription
42:52 Wagenburg Tactics
Eli
10:48 Feudal Age
14:55 Castle Age
13:16 Double-Bit Axe
13:14 Horse Collar
14:42 Loom
26:23 Wheelbarrow
26:03 Bow Saw
25:58 Heavy Plow
25:50 Gold Mining
25:54 Stone Mining
26:29 Town Watch
31:12 Imperial Age
29:15 Masonry
28:46 Treadmill Crane
29:59 Hand Cart
29:40 Guard Tower
30:11 Ballistics
29:47 Fletching
31:03 Stone Shaft Mining
30:32 Murder Holes
31:15 Ballistics
31:55 Arrowslits
33:12 Chemistry
33:30 Keep
32:54 Bodkin Arrow
33:41 Bracer
33:55 Padded Archer Armor
35:31 Conscription
35:20 Husbandry
35:34 Bloodlines
36:35 Svan Towers
37:05 Heavy Cavalry Archer
39:26 Keep
38:57 Siege Engineers
40:01 Svan Towers
41:23 Scale Mail Armor
41:29 Scale Barding Armor
Panchi
10:38 Feudal Age
14:40 Castle Age
12:49 Double-Bit Axe
13:25 Horse Collar
15:57 Bow Saw
20:37 Wheelbarrow
23:22 Hand Cart
24:21 Gold Mining
24:38 Heavy Plow
25:43 Loom
28:44 Imperial Age
26:44 Fletching
26:54 Padded Archer Armor
27:36 Gold Shaft Mining
27:17 Crossbowman
28:03 Thumb Ring
28:01 Stone Mining
28:23 Bodkin Arrow
28:43 Leather Archer Armor
28:59 Capped Ram
29:02 Arbalester
30:32 Ballistics
30:19 Bracer
33:33 Chemistry
33:41 Two-Man Saw
34:51 Hoardings
34:04 Elite Skirmisher
35:19 Conscription
35:34 Ring Archer Armor
34:48 Treadmill Crane
36:06 Stone Shaft Mining
36:12 Guilds
36:03 Caravan
37:21 Crop Rotation
37:39 Bombard Tower
37:33 Greek Fire
41:00 Scale Barding Armor
41:06 Forging
41:29 Coinage
41:24 Husbandry
40:46 Light Cavalry
42:32 Chain Barding Armor
42:09 Hussar
43:34 Iron Casting
Gary_zZ
10:11 Feudal Age
14:05 Castle Age
12:15 Double-Bit Axe
12:11 Horse Collar
16:04 Bow Saw
23:06 Wheelbarrow
24:05 Hand Cart
28:34 Imperial Age
26:40 Heavy Plow
26:31 Gold Mining
26:32 Stone Mining
27:18 Scale Mail Armor
27:28 Forging
28:43 Gold Shaft Mining
28:34 Chain Mail Armor
28:10 Fletching
28:49 Squires
28:36 Arson
28:37 Gambesons
29:38 Iron Casting
29:46 Padded Archer Armor
30:26 Conscription
29:30 Pikeman
29:39 Elite Varangian Guard
31:32 Plate Mail Armor
31:37 Iron Casting
31:16 Shield Wall
33:25 Bodkin Arrow
33:54 Ballistics
33:56 Masonry
33:18 Pikeman
34:51 Bracer
35:07 Halberdier
35:42 Halberdier
36:19 Loom
36:19 Town Watch
43:13 Two-Man Saw
42:44 Crop Rotation
42:25 Sappers
Tuti
10:16 Feudal Age
14:38 Castle Age
12:55 Double-Bit Axe
13:14 Horse Collar
15:49 Bow Saw
17:45 Wheelbarrow
20:44 Heavy Plow
23:07 Hand Cart
23:33 Gold Mining
23:33 Stone Mining
29:11 Imperial Age
26:57 Scale Barding Armor
27:37 Bloodlines
27:28 Husbandry
28:16 Chain Barding Armor
29:08 Forging
28:53 Vendel Legacy
29:14 Cavalier
31:03 Plate Barding Armor
31:19 Iron Casting
34:18 Blast Furnace
34:30 Chemistry
34:39 Fletching
34:47 Fletching
HK | Jai Guru Deva
7:05 Loom
9:48 Feudal Age
13:36 Double-Bit Axe
16:13 Horse Collar
23:41 Castle Age
28:00 Imperial Age
26:38 Bow Saw
26:29 Heavy Plow
26:20 Gold Mining
27:26 Padded Archer Armor
28:32 Leather Archer Armor
29:45 Chemistry
30:08 Ring Archer Armor
38:26 Elite Skirmisher
IRON MIKE
9:55 Feudal Age
9:59 Feudal Age
14:50 Castle Age
12:59 Double-Bit Axe
15:57 Bow Saw
19:12 Wheelbarrow
20:18 Horse Collar
22:23 Gold Mining
25:03 Gold Shaft Mining
27:05 Imperial Age
24:32 Fletching
24:28 Loom
25:21 Stone Mining
27:31 Bodkin Arrow
29:33 Scale Mail Armor
30:19 Squires
30:06 Arson
30:48 Chain Mail Armor
30:44 Forging
32:28 Chemistry
30:50 Heavy Rocket Cart
34:05 Masonry
34:16 Ballistics
34:21 Guilds
36:33 Conscription
37:27 Siege Engineers
37:53 Architecture
37:55 Arrowslits
37:53 Treadmill Crane
38:51 Shinkichon
40:46 Iron Casting
40:42 Plate Mail Armor
42:42 Bracer
Bass
9:38 Feudal Age
14:35 Castle Age
14:21 Loom
20:07 Fletching
23:21 Bodkin Arrow
25:11 Padded Archer Armor
27:17 Double-Bit Axe
27:51 Town Watch
29:10 Wheelbarrow
36:05 Imperial Age
34:01 Bow Saw
33:33 Horse Collar
34:40 Gold Mining
37:25 Bracer
38:26 Leather Archer Armor
40:06 Stone Mining
41:04 Ballistics
41:44 Chemistry
41:44 Ring Archer Armor
Connection lost

Rejoining the realm…

Still unreachable

The connection could not be restored.

Session expired

The server has moved on; the page needs a fresh start.